AoeStats
← Easy noia

Enclosed

505269482Analyzed
1v1 RM · 24d ago on Sep 8, 2026· 55m 1s· 2 players
Game mode
Random Map
Map size
Tiny (2 player)
Population
200
Speed
Normal
Resources
Standard
Victory
Conquest
Starting age
Dark Age
Ending age
Imperial Age
RankedLock teamsTeams togetherTeam positionsShared explorationLock speedFull tech treeHidden civsTurbo modeCheats
Victory
Defeat
🇫🇷 Franks · France
941
+15
🇳🇱 Celts · Netherlands
922
-15
Easy noia
9:22 Loom
11:35 Feudal Age
13:15 Double-Bit Axe
17:38 Castle Age
16:42 Horse Collar
22:12 Arson
23:32 Pikeman
27:05 Scale Mail Armor
27:15 Forging
27:22 Bow Saw
27:14 Heavy Plow
33:15 Imperial Age
32:58 Wheelbarrow
32:09 Town Watch
34:31 Town Patrol
36:17 Chain Mail Armor
36:37 Iron Casting
37:52 Plate Mail Armor
37:45 Ballistics
41:06 Hand Cart
42:36 Halberdier
47:51 Onager
50:24 Elite Woad Raider
55:38 Blast Furnace
Tout Petit Boulet
6:30 Loom
9:35 Feudal Age
13:14 Double-Bit Axe
21:26 Castle Age
19:35 Gold Mining
20:24 Forging
20:53 Scale Barding Armor
22:10 Husbandry
25:20 Gold Shaft Mining
27:29 Wheelbarrow
26:39 Town Watch
28:19 Stone Mining
30:31 Bow Saw
32:07 Elite Skirmisher
33:29 Scale Mail Armor
33:23 Fletching
34:38 Bodkin Arrow
37:54 Hand Cart
40:56 Ballistics
40:32 Murder Holes
43:16 Imperial Age
40:48 Murder Holes
42:13 Chain Barding Armor
42:50 Town Patrol
44:37 Iron Casting
44:40 Conscription
45:01 Hoardings
44:43 Masonry
46:22 Chemistry
45:55 Architecture
45:20 Cavalier
48:46 #83
48:35 Elite Throwing Axeman
48:44 Paladin
50:42 Siege Engineers
51:57 Chivalry
53:20 Blast Furnace
52:56 Plate Barding Armor
53:54 Padded Archer Armor
Connection lost

Rejoining the realm…

Still unreachable

The connection could not be restored.

Session expired

The server has moved on; the page needs a fresh start.